 Dungeon Crawl Stone Soup version 0.26-a0-712-ga5a9c9c9d0 (webtiles) character file.

Game seed: 5982816676780909197

231 kae the Insei (level 6, -1/39 HPs)
             Began as an Octopode Transmuter on Nov 6, 2020.
             Slain by an ogre
             ... wielding a +0 giant club
              (19 damage)
             ... on level 5 of the Dungeon.
             The game lasted 00:03:41 (3996 turns).

kae the Insei (Octopode Transmuter)                 Turns: 3996, Time: 00:03:41

Health: -1/39      AC:  1    Str: 11    XL:     6   Next: 3%
Magic:  9/9        EV: 14    Int: 15    God:
Gold:   261        SH:  0    Dex: 13    Spells: 6/10 levels left

rFire    . . .     SeeInvis .     - Unarmed
rCold    . . .     Faith    .   (no shield)
rNeg     . . .     Spirit   .   (helmet restricted)
rPois    .         Reflect  .   (no amulet)
rElec    .         Harm     .   (no ring)
rCorr    .         Rampage  .   (no ring)
MR       .....                  (no ring)
Stlth    ++........             (no ring)
HPRegen  0.13/turn              (no ring)
MPRegen  0.11/turn              (no ring)
                                (no ring)
                                (no ring)

@: no status effects
A: almost no armour, stealthy swim, amphibious, 8 rings, constrict 8, camouflage
1, gelatinous body 1
a: no special abilities


You were on level 5 of the Dungeon.
You visited 1 branch of the dungeon, and saw 5 of its levels.

You collected 261 gold pieces.

Inventory:

Wands
 a - a wand of paralysis (4)
Scrolls
 b - 4 scrolls of remove curse
 d - a scroll of noise
 e - a scroll of magic mapping
 o - a scroll of teleportation
Potions
 c - a potion of berserk rage
 f - 3 potions of stabbing
 l - a potion of magic
 p - a potion of cancellation


   Skills:
 + Level 2.1 Fighting
 + Level 2.7 Dodging
 * Level 4.1 Unarmed Combat
 + Level 2.6 Spellcasting
 * Level 3.6 Transmutations
 + Level 1.7 Poison Magic


You had 6 spell levels left.
You knew the following spells:

 Your Spells              Type           Power        Failure   Level
a - Beastly Appendage     Tmut           ##....       4%          1
b - Spider Form           Tmut/Pois      ##........   21%         3

Your spell library contained the following spells:

 Spells                   Type           Power        Failure   Level
 Wereblood                Tmut           ##......     7%          2
 Ice Form                 Ice/Tmut       #.......     69%         4
 Blade Hands              Tmut           ##........   78%         5


Dungeon Overview and Level Annotations

Branches:
Dungeon (5/15)
 Temple: D:4-7

Altars:

Portals:
Sewer: D:5


Innate Abilities, Weirdness & Mutations

You cannot wear most types of armour.
You are very stealthy in the water. (Stealth+)
You are amphibious.
You can wear up to eight rings at the same time.
You can use your tentacles to constrict eight enemies at once.
Your skin changes colour to match your surroundings (Stealth+).
Your rubbery body absorbs attacks. (AC +1, EV +1)


Message History

You squeeze the ogre.
The ogre is heavily wounded.
The helpless ogre fails to defend itself.
You tentacle-slap the ogre.
The ogre is heavily wounded.
The helpless ogre fails to defend itself.
You tentacle-slap the ogre.
The ogre is heavily wounded.
The helpless ogre fails to defend itself.
You tentacle-slap the ogre.
The ogre is severely wounded.
The helpless ogre fails to defend itself.
You tentacle-slap the ogre but do no damage.
You squeeze the ogre.
The ogre is severely wounded.
The ogre is no longer paralysed.
The ogre misses you.
You tentacle-slap the ogre.
The ogre is almost dead.
The ogre hits you with a +0 giant club!!
You die...

#.### *≈≈≈≈≈*,****,*+ #.#
*****,*,,,,*,,, #)# *,***,**,,,
*******#.# ***,,,,,,,,,,
,,,,,,,#.# *,,,***,***,,
******,#.# *,,,# *,* *,,
*,,,,,#.# *,..# *,* *,, *,****#.#
##########...#**,* *,, *,*
##.###...O@........,,,***,,
*.####........†.........,,,,,,,,
*.....>................o,,,,,,,,
*##########).#####.#...#,******,
############..#####.#*###,* *,,
#.#.#.#.#.#.#.#?#.#,#****,* *,,
.#.#.#.#.#.#.#.#.##,,,,,*+*** *,,
#.#.#.#.#.#.#.#.#.#,,,,,,,,,* **,
.#.#.#.#.#.#.#.#.#*,,,,,,,,,****,


You could see an ogre.

Vanquished Creatures
  An orc wizard (D:4)
  An orc priest (D:3)
  A centaur skeleton (D:4)
  5 adders
  A shadow imp (D:5)
  An ufetubus (D:5)
  An adder skeleton (D:4)
  2 worms (D:2)
  A dart slug (D:1)
  2 leopard geckos
  8 orcs
  9 bats
  3 giant cockroaches
  5 goblins
  4 hobgoblins
  4 jackals (D:3)
  2 quokkas
  A ball python skeleton (D:4)
  4 frilled lizards
  7 kobolds
  A leopard gecko skeleton (D:5)
  9 rats
73 creatures vanquished.

Notes
Turn   | Place    | Note
-------+----------+-------------------------------------------
     0 | D:1      | kae the Octopode Transmuter began the quest for the Orb.
     0 | D:1      | Reached XP level 1. HP: 13/13 MP: 3/3
   200 | D:1      | Reached XP level 2. HP: 17/18 MP: 3/5
  1046 | D:2      | Reached XP level 3. HP: 9/23 MP: 4/6
  1051 | D:2      | Learned a level 3 spell: Spider Form
  1875 | D:2      | Reached XP level 4. HP: 23/28 MP: 5/7
  2913 | D:3      | Reached skill level 1 in Poison Magic
  3297 | D:3      | Reached XP level 5. HP: 34/34 MP: 4/8
  3469 | D:4      | Reached skill level 4 in Unarmed Combat
  3820 | D:5      | Entered Level 5 of the Dungeon
  3859 | D:5      | Noticed an ogre
  3895 | D:5      | Reached XP level 6. HP: 10/39 MP: 6/9
  3939 | D:5      | Found a glowing drain.
  3996 | D:5      | Slain by an ogre

Illustrated notes

Levels and vault maps discovered:
D:1:      noname_arrival_rooms_in_the_neighbourhood, layout_loops_ring
D:2:      layout_loops_ring
D:3:      layout_rooms, chequers_serial_rivers_micro_d
D:4:      layout_cave_pods, minmay_vboxes
D:5:      layout_basic, kennysheep_mini_moat, cheibrodos_sewer_entry_drain

Skill      XL: |  1  2  3  4  5 |
---------------+----------------+-----
Transmutations | 3 |  3.6
Poison Magic   | 1 |  1.7
Fighting       | 2 |  2.1
Unarmed Combat | 4 |  4.1
Dodging        | |  2.7
Spellcasting   | |  2.6

Action                   |  1- 3 |  4- 6 || total
-------------------------+-------+-------++-------
Melee: Unarmed           |    69 |   116 ||   185
       Kick              |    15 |    14 ||    29
       Constrict         |    12 |    21 ||    33
       Tentacles         |    10 |    11 ||    21
       Punch             |     1 |     1 ||     2
 Cast: Beastly Appendage |    22 |    15 ||    37
       Spider Form       |       |     3 ||     3
Evoke: Wand              |       |     3 ||     3
  Use: Scroll            |       |    12 ||    12
       Potion            |       |     4 ||     4
 Stab: Sleeping          |     5 |     2 ||     7
       Paralysed         |       |    11 ||    11
       Distracted        |       |     1 ||     1
Armor: Skin              |    14 |     4 ||    18
Dodge: Dodged            |    46 |    83 ||   129

Table legend: (Time is in decaauts)
 A = Elapsed time spent in this place.
 B = Non-inter-level travel time spent in this place.
 C = Inter-level travel time spent in this place.
 D = Time resting spent in this place.
 E = Time spent auto-exploring this place.
 F = Levels seen in this place.
 G = Mean time per level.
                   A        B        C        D        E       F      G
               +--------+--------+--------+--------+--------+-----+--------+
         Total |   3985 |   3855 |    130 |    386 |   2853 |   5 |  797.0 |
       Dungeon |   3985 |   3855 |    130 |    386 |   2853 |   5 |  797.0 |
               +--------+--------+--------+--------+--------+-----+--------+

Top non-repeatable levels by time:
     D:2: 1325 daAuts
     D:3: 1142 daAuts
     D:1: 992 daAuts
     D:4: 354 daAuts
     D:5: 170 daAuts
